 Dungeon Crawl Stone Soup version 0.20-a0-972-gb9bd3e6 (webtiles) character file.

13068 Patate the Unseen (level 11, -3/47 HPs)
             Began as a Spriggan Enchanter on Apr 9, 2017.
             Was the Champion of Okawaru.
             Slain by a wolf (10 damage)
             ... on level 2 of the Lair of Beasts.
             The game lasted 00:42:06 (12319 turns).

Patate the Unseen (Spriggan Enchanter)             Turns: 12319, Time: 00:42:07

Health: -3/47      AC:  6    Str:  7    XL:     11   Next: 70%
Magic:  20/24      EV: 27    Int: 17    God:    Okawaru [******]
Gold:   671        SH:  0    Dex: 19    Spells: 19/27 levels left

rFire    . . .     SeeInvis +   j - +1 dagger (elec)
rCold    . . .     Gourm    .   (shield restricted)
rNeg     . . .     Faith    .   b - +1 robe
rPois    .         Spirit   .   R - +2 hat
rElec    .         Reflect  .   k - +0 cloak
rCorr    .         Harm     .   (gloves unavailable)
MR       ++...                  (boots unavailable)
Stlth    ++++++....             r - amulet of regeneration
Regen    0.6/turn               o - ring of protection from magic
MPRegen  0.2/turn               a - +2 ring of dexterity

@: very quick
A: unfitting armour, see invisible, herbivore 3, speed 3, slow metabolism 2
a: Heroism, Finesse, Renounce Religion


You were on level 2 of the Lair of Beasts.
You worshipped Okawaru.
Okawaru was exalted by your worship.
You were not hungry.

You visited 3 branches of the dungeon, and saw 12 of its levels.

You collected 671 gold pieces.

Inventory:

Hand Weapons
 j - a +1 dagger of electrocution (weapon)
Armour
 b - a +1 robe (worn)
 k - a +0 cloak (worn)
 R - a +2 hat (worn)
Jewellery
 a - a +2 ring of dexterity (right hand)
 f - an uncursed ring of positive energy
 n - an uncursed ring of resist corrosion
 o - a ring of protection from magic (left hand)
 q - an uncursed ring of protection from cold
 r - an amulet of regeneration (around neck)
Wands
 p - a wand of digging (11/24)
 s - a wand of polymorph (17/24)
 B - a wand of clouds (5/9)
 E - a wand of flame (39/48)
 H - a wand of digging (16/24)
 L - a wand of acid (2/15)
 N - a wand of iceblast (7/15)
 P - a wand of random effects (16/48)
Scrolls
 l - a scroll of teleportation
 v - 6 scrolls of remove curse
 y - a scroll of recharging {unknown}
 A - 3 scrolls of fear {unknown}
 C - a scroll of enchant armour
 I - a scroll of random uselessness {unknown}
 J - a scroll of amnesia
 Q - a scroll of holy word {unknown}
 S - a scroll of brand weapon {unknown}
 T - a scroll of magic mapping {unknown}
Potions
 e - 2 potions of berserk rage
 g - 3 potions of flight
 h - 2 potions of might
 i - 2 potions of curing
 m - 3 potions of agility
 t - 2 potions of invisibility
 u - 3 potions of magic {unknown}
 w - 4 potions of lignification {unknown}
 x - 2 potions of heal wounds {unknown}
 z - a potion of cancellation {unknown}
 F - 2 potions of brilliance {unknown}
Books
 c - a book of Maledictions

   Spells                             Type                      Level
   a - Corona                         Hexes                        1
   b - Ensorcelled Hibernation        Hexes/Ice                    2
   c - Confuse                        Hexes                        3
   d - Tukima's Dance                 Hexes                        3
   e - Dazzling Spray                 Conjuration/Hexes            3
 D - a book of Minor Magic

   Spells                             Type                      Level
   a - Magic Dart                     Conjuration                  1
   b - Blink                          Translocation                2
   c - Call Imp                       Summoning                    2
   d - Slow                           Hexes                        2
   e - Conjure Flame                  Conjuration/Fire             3
   f - Mephitic Cloud                 Conjuration/Poison/Air       3
 G - a book of Cantrips

   Spells                             Type                      Level
   a - Confusing Touch                Hexes                        1
   b - Animate Skeleton               Necromancy                   1
   c - Summon Small Mammal            Summoning                    1
   d - Apportation                    Translocation                1
 O - a book of Conjurations

   Spells                             Type                      Level
   a - Magic Dart                     Conjuration                  1
   b - Searing Ray                    Conjuration                  2
   c - Dazzling Spray                 Conjuration/Hexes            3
   d - Fulminant Prism                Conjuration/Hexes            4
   e - Force Lance                    Conjuration/Translocation    4
   f - Iskenderun's Mystic Blast      Conjuration                  4
 U - a book of Battle

   Spells                             Type                      Level
   a - Infusion                       Charms                       1
   b - Shroud of Golubria             Charms/Translocation         2
   c - Song of Slaying                Charms                       2
   d - Spectral Weapon                Hexes/Charms                 3
   e - Regeneration                   Charms/Necromancy            3
Comestibles
 d - 7 bread rations
 K - a fruit
 M - 5 royal jellies


   Skills:
 - Level 9.3 Short Blades
 - Level 10.1 Dodging
 + Level 16.0 Stealth
 - Level 8.9 Spellcasting
 - Level 9.0 Hexes
 - Level 8.3 Translocations


You had 19 spell levels left.
You knew the following spells:

 Your Spells              Type           Power        Failure   Level  Hunger
a - Blink                 Tloc           N/A          1%          2    None
b - Ensorcelled Hibernat  Hex/Ice        ###...       2%          2    None
c - Confuse               Hex            #####...     1%          3    None
d - Confusing Touch       Hex            #####.       1%          1    None


Dungeon Overview and Level Annotations

Branches:
Dungeon (9/15)             Temple (1/1) D:4            Lair (2/6) D:8
  Swamp: Lair:2-4    Shoals: Lair:2-4     Snake: Lair:2-4    Spider: Lair:2-4
    Orc: D:9-12

Altars:
Ashenzari
Cheibriados
Dithmenos
Elyvilon
Fedhas
Gozag
Hepliaklqana
Kikubaaqudgha
Makhleb
Nemelex Xobeh
Okawaru
Qazlal
Ru
Sif Muna
Trog
Uskayaw
Vehumet
Wu Jian
Xom
Yredelemnul
Zin
The Shining One


Innate Abilities, Weirdness & Mutations

You are very small and have problems with some larger weapons.
You are too small for most types of armour.
You have supernaturally acute eyesight. (SInv)
You are a herbivore.
You cover ground extremely quickly.
You need consume almost no food.


Message History

Okawaru accepts your kill.
You closely miss the wolf. The wolf misses you.
You hit the wolf but do no damage. The wolf bites you.
You hit the wolf.
The wolf is lightly wounded.
The wolf misses you.
You hit the wolf but do no damage.
The wolf is lightly wounded.
The wolf bites you.
You hit the wolf but do no damage.
The wolf is lightly wounded.
The wolf bites you!
* * * LOW HITPOINT WARNING * * *
You barely miss the wolf.
The wolf is lightly wounded.
The wolf completely misses you.
You barely miss the wolf.
The wolf is lightly wounded.
The wolf bites you!
You die...

#........##.....
##......#.##.#...
##......######....
#.#......###......
######....#####P......
###.#....#### #........
#.##<.....# ##.......
##....h...## #...|....
##.###.@...## #........
##...##...<..####........
#P...#........P####......
##...#.........####P#...#
#.............(.#####P.#
#...............# ###
#...............# #
##.............## #
##..........#.# #


You could see a wolf.

Vanquished Creatures
  Gastronok (Lair:1)
  Harold (Lair:2)
  A hydra (Lair:2)
  A two-headed ogre (D:8)
  A black mamba (Lair:1)
  3 spiny frogs
  2 komodo dragons
  A polar bear (Lair:2)
  A hippogriff (Lair:2)
  Sigmund (D:3)
  6 yaks
  4 hogs (D:7)
  2 wyverns
  A basilisk (Lair:1)
  A human (D:7)
  A hungry ghost (D:7)
  Menkaure (D:5)
  Edmund (D:5)
  Duvessa (D:6)
  An acid dragon (D:6)
  3 water moccasins
  2 porcupines (Lair:2)
  2 orc warriors
  A phantom (D:8)
  2 sky beasts (D:7)
  A black bear (D:8)
  2 ice beasts
  An eye of draining (D:6)
  12 wolves
  3 ogres
  3 centaurs
  A crocodile (D:8)
  A big kobold (D:8)
  7 bullfrogs
  3 scorpions
  Dowan (D:6)
  2 howler monkeys
  4 crimson imps
  An orc priest (D:5)
  Crazy Yiuf (D:6)
  2 bullfrog skeletons
  2 centaur skeletons
  7 iguanas
  7 orc wizards
  9 worker ants
  Ijyb (D:5)
  A worker ant zombie (D:5)
  Robin (D:4)
  A gnoll (D:4)
  4 adders
  3 shadow imps (D:6)
  2 oozes
  4 worms
  4 dart slugs
  8 leopard geckos
  40 orcs
  8 bats
  6 giant cockroaches
  12 goblins
  14 hobgoblins
  2 jackals (D:3)
  A quokka (D:3)
  9 frilled lizards
  A jackal skeleton (D:7)
  11 kobolds
  A quokka skeleton (D:4)
  16 rats
262 creatures vanquished.

Notes
Turn   | Place    | Note
-------+----------+-------------------------------------------
     0 | D:1      | Patate the Spriggan Enchanter began the quest for the Orb.
     0 | D:1      | Reached XP level 1. HP: 9/9 MP: 5/5
   347 | D:1      | Reached skill level 5 in Stealth
   438 | D:1      | Reached XP level 2. HP: 12/13 MP: 6/6
   442 | D:1      | Learned a level 2 spell: Ensorcelled Hibernation
   758 | D:1      | Reached skill level 6 in Stealth
  1034 | D:2      | Reached XP level 3. HP: 16/16 MP: 5/8
  1074 | D:2      | Found a faded altar of an unknown god.
  1296 | D:2      | Reached skill level 7 in Stealth
  1991 | D:3      | Reached XP level 4. HP: 21/21 MP: 9/9
  3441 | D:3      | Reached XP level 5. HP: 24/24 MP: 10/10
  3446 | D:3      | Learned a level 3 spell: Confuse
  3519 | D:3      | Noticed Sigmund
  3527 | D:3      | Killed Sigmund
  3527 | D:3      | Reached skill level 5 in Dodging
  3527 | D:3      | Reached XP level 6. HP: 28/28 MP: 4/11
  3874 | D:4      | Found a staircase to the Ecumenical Temple.
  3885 | Temple   | Entered the Ecumenical Temple
  4033 | Temple   | Became a worshipper of Warmaster Okawaru
  4100 | D:4      | Noticed Robin
  4304 | D:4      | Killed Robin
  5165 | D:4      | Found a shimmering altar of Xom.
  5269 | D:4      | Reached XP level 7. HP: 18/32 MP: 12/12
  5555 | D:4      | Paralysed by an orc for 2 turns
  6129 | D:4      | Reached skill level 5 in Short Blades
  6179 | D:4      | Learned a level 2 spell: Blink
  6184 | D:5      | Entered Level 5 of the Dungeon
  6230 | D:5      | Noticed Edmund
  6242 | D:5      | Reached * piety under Okawaru
  6257 | D:5      | Killed Edmund
  6304 | D:5      | Reached XP level 8. HP: 36/36 MP: 1/13
  6462 | D:5      | Noticed Menkaure
  6681 | D:5      | Found a glowing silver altar of Zin.
  6691 | D:5      | Found an ornate altar of the Wu Jian Council.
  6737 | D:5      | Noticed Ijyb
  6754 | D:5      | Killed Ijyb
  6912 | D:6      | Reached ** piety under Okawaru
  6964 | D:6      | Noticed Duvessa
  6965 | D:6      | Noticed Dowan
  6970 | D:6      | Killed Dowan
  7167 | D:5      | Killed Menkaure
  7218 | D:6      | Killed Duvessa
  7272 | D:6      | Found a runed door.
  7392 | D:6      | Reached XP level 9. HP: 35/39 MP: 14/16
  7552 | D:6      | Reached *** piety under Okawaru
  7552 | D:6      | Reached skill level 5 in Hexes
  7658 | D:6      | Reached skill level 10 in Dodging
  7837 | D:6      | Found a stormy altar of Qazlal.
  7838 | D:6      | Found a blossoming altar of Fedhas.
  8050 | D:6      | Reached skill level 5 in Spellcasting
  8292 | D:6      | Noticed Crazy Yiuf
  8300 | D:6      | Killed Crazy Yiuf
  8905 | D:7      | Found a snail-covered altar of Cheibriados.
  9208 | D:7      | Reached **** piety under Okawaru
  9220 | D:7      | Reached XP level 10. HP: 44/44 MP: 9/22
  9403 | D:8      | You fall through a shaft!
  9405 | D:9      | Found a glowing golden altar of the Shining One.
  9625 | D:8      | Reached ***** piety under Okawaru
  9636 | D:8      | Found a staircase to the Lair.
  9893 | D:8      | Noticed a two-headed ogre
  9916 | D:8      | Killed a two-headed ogre
  9916 | D:8      | Reached skill level 5 in Translocations
 10240 | Lair:1   | Entered Level 1 of the Lair of Beasts
 10285 | Lair:1   | Noticed a black mamba
 10289 | Lair:1   | Killed a black mamba
 10322 | Lair:1   | Received a gift from Okawaru
 10369 | Lair:1   | Noticed a spiny frog
 10378 | Lair:1   | Killed a spiny frog
 10504 | Lair:1   | Reached skill level 8 in Stealth
 10551 | Lair:1   | Reached skill level 9 in Stealth
 10619 | Lair:1   | Reached skill level 10 in Stealth
 10815 | Lair:1   | Noticed a spiny frog
 10833 | Lair:1   | Killed a spiny frog
 10857 | Lair:1   | Reached XP level 11. HP: 38/47 MP: 21/24
 11073 | Lair:1   | Noticed Gastronok
 11089 | Lair:1   | Killed Gastronok
 11089 | Lair:1   | Reached skill level 12 in Stealth
 11269 | Lair:1   | Reached skill level 13 in Stealth
 11476 | Lair:2   | Learned a level 1 spell: Confusing Touch
 11551 | Lair:2   | Noticed Harold
 11603 | Lair:2   | Killed Harold
 11603 | Lair:2   | Reached skill level 14 in Stealth
 11783 | Lair:2   | Noticed a four-headed hydra
 11817 | Lair:2   | Killed a four-headed hydra
 11817 | Lair:2   | Reached skill level 15 in Stealth
 11982 | Lair:2   | Reached ****** piety under Okawaru
 12234 | Lair:1   | Received a gift from Okawaru
 12234 | Lair:1   | Reached skill level 16 in Stealth
 12284 | Lair:1   | Got a faintly glowing buckler {god gift}
 12290 | Lair:1   | Identified the +0 buckler "Ongituy" {rElec Str+3} (Okawaru gifted it to you on level 1 of the Lair of Beasts)
 12319 | Lair:2   | Slain by a wolf

Vault maps used:
D:1:      minmay_arrival_stair_chambers
D:2:      chequers_ecumenical_altar_simple_redux
D:3:      uniq_sigmund
D:4:      minmay_temple_entry_mist, first_bread, tgw_xom, uniq_robin
D:5:      zin_statuary, lemuel_doored_altar, uniq_iyjb, uniq_menkaure,
          uniq_edmund
D:6:      minmay_cornered_nines, grunt_qazlal_sundering,
          nicolae_overflow_hidden_temple, kennysheep_nondescript,
          grunt_ministairs_2, uniq_duvessa, uniq_crazy_yiuf_cottage
D:7:      slow_altar_2, minmay_misc_feat_diagonals, minmay_statues_item,
          grunt_livestock, minmay_item_behind_shaft
D:8:      grunt_lair_entry_orc_guard_hut
D:9:      old_standard_altar
Temple:   eino_temple_scatter_basement
Lair:1:   nicolae_lair_grove_arrangements, uniq_gastronok
Lair:2:   uniq_harold

Skill      XL: |  1  2  3  4  5  6  7  8  9 10 11 |
---------------+----------------------------------+-----
Stealth        | 5 6 7 10 16 | 16.0
Short Blades   | 2 3 4 7 9 |  9.3
Dodging        | 5 6 7 9 10 | 10.1
Spellcasting   | 4 7 8 |  8.9
Hexes          | 4 8 9 |  9.0
Translocations | 8 |  8.3

Action                   |  1- 3 |  4- 6 |  7- 9 | 10-12 || total
-------------------------+-------+-------+-------+-------++-------
Melee: Dagger            |   195 |   287 |   321 |   270 ||  1073
 Cast: Ensorcelled Hiber |     6 |    23 |    38 |    59 ||   126
       Confuse           |       |       |    14 |     2 ||    16
       Blink             |       |       |     2 |       ||     2
       Confusing Touch   |       |       |       |     2 ||     2
Invok: Heroism           |       |       |     1 |     1 ||     2
  Use: Scroll            |       |     7 |     4 |     3 ||    14
 Stab: Sleeping          |    10 |    20 |    38 |    38 ||   106
       Distracted        |       |     2 |     1 |       ||     3
       Confused          |       |       |     4 |     1 ||     5
  Eat: Royal jelly       |       |     2 |     1 |       ||     3
       Fruit             |       |       |     4 |     4 ||     8
Armor: Robe              |    17 |    22 |     5 |    20 ||    64
Dodge: Dodged            |   158 |   190 |   182 |   200 ||   730
